 Dungeon Crawl Stone Soup version 0.17-a0-1760-ga6756ae (webtiles) character file.

11 Pirate the Sneak (level 2, -2/13 HPs)
             Began as a Spriggan Enchanter on Sept 3, 2015.
             Slain by a yak (9 damage)
             ... on level 6 of the Dungeon.
             The game lasted 00:03:46 (694 turns).

Pirate the Sneak (Spriggan Enchanter)                Turns: 694, Time: 00:03:46

Health: -2/13      AC:  3    Str:  4    XL:     2   Next: 17%
Magic:  6/6        EV: 18    Int: 16    God:
Gold:   0          SH:  0    Dex: 16    Spells: 1 memorised, 5 levels left

rFire  . . .     SeeInvis +     a - +1 dagger
rCold  . . .     Clarity  .     b - +1 robe
rNeg   . . .     SustAt   .     (shield restricted)
rPois  .         Gourm    .     (helmet restricted)
rElec  .         Spirit   .     (no cloak)
rCorr  .         Warding  .     (gloves unavailable)
rMut   .         Stasis   .     (boots unavailable)
MR     .....                    (no amulet)
Stlth  +++.......               (no ring)
                                (no ring)

@: very quick, not resistant to hostile enchantments, fairly stealthy
A: unfitting armour, see invisible, herbivore 3, speed 3, slow metabolism 2
a: no special abilities


You were on level 6 of the Dungeon.
You were not hungry.

You visited 2 branches of the dungeon, and saw 8 of its levels.

Inventory:

Hand weapons
 a - a +1 dagger (weapon)
Armour
 b - a +1 robe (worn)
Scrolls
 e - a scroll of noise {unknown}
 g - a scroll of remove curse {unknown}
 i - 2 scrolls of identify {unknown}
 j - a scroll of recharging {unknown}
 k - 2 scrolls of random uselessness {unknown}
 l - a scroll of magic mapping {unknown}
 m - a scroll of blinking {unknown}
Potions
 f - a potion of curing {unknown}
 h - a potion of heal wounds {unknown}
Books
 c - a book of Maledictions

   Spells                             Type                      Level
   a - Corona                         Hexes                        1
   b - Ensorcelled Hibernation        Hexes/Ice                    2
   c - Confuse                        Hexes                        3
   d - Tukima's Dance                 Hexes                        3
   e - Dazzling Spray                 Conjuration/Hexes            3
Comestibles
 d - a bread ration


   Skills:
 - Level 1.1 Short Blades
 - Level 3.0 Dodging
 * Level 5.5 Stealth
 - Level 2.6 Spellcasting
 - Level 3.7 Hexes


You had 5 spell levels left.
You knew the following spells:

 Your Spells              Type           Power        Failure   Level  Hunger
a - Corona                Hex            ##.....      6%          1    #......


Dungeon Overview and Level Annotations

Branches:
Dungeon (7/15)             Temple (1/1) D:7

Altars:
Ashenzari
Cheibriados
Elyvilon
Kikubaaqudgha
Okawaru
Vehumet
Xom
The Shining One

Annotations:
D:3 Sigmund; g0at's ghost, weakling DsBe
D:6 Dowan; Duvessa


Innate Abilities, Weirdness & Mutations

You are tiny and cannot use many weapons and most armour.
You have supernaturally acute eyesight.
You are a herbivore.
You cover ground extremely quickly.
You need consume almost no food.


Message History

There is a staircase to the Ecumenical Temple here.
The giant frog completely misses you.
The phantom blinks!
You see here a war axe.
Found a stone staircase leading up.
The giant frog barely misses you.
Found a shimmering ring mail.
An orc comes into view. It is wielding a whip.
There is a stone staircase leading up here.
The giant frog misses you.
You climb upwards.
Level annotation: Dowan; Duvessa 5 yaks and a jelly come into view.
There is a stone staircase leading down here.
You can't go up here!
The helpless yak fails to defend itself.
You impale the yak!!
The yak is severely wounded.
The yak gores you!
Ouch! That really hurt!
You die...

## ###.#
Y#.#
##J..##
##..Y..#
#>@Y..#
#...#.Y.#
#....##.Y#
#......
..#
#..###..
.# #...
###. ..
... . ##
.# ..


You could see 5 yaks and a jelly (sleeping).

Vanquished Creatures
  2 bats (D:1)
  2 giant cockroaches (D:1)
  2 goblins (D:2)
  A quokka (D:4)
  A giant newt (D:2)
  A kobold (D:1)
  2 rats
11 creatures vanquished.

Notes
Turn   | Place    | Note
--------------------------------------------------------------
     0 | D:1      | Pirate the Spriggan Enchanter began the quest for the Orb.
     0 | D:1      | Reached XP level 1. HP: 9/9 MP: 5/5
   188 | D:1      | Reached skill level 5 in Stealth
   319 | D:2      | Reached XP level 2. HP: 10/13 MP: 6/6
   376 | D:3      | Noticed g0at's ghost (weakling DsBe)
   386 | D:3      | Noticed Sigmund
   427 | D:5      | Entered Level 5 of the Dungeon
   434 | D:5      | Noticed a giant frog
   511 | D:5      | Noticed an ogre
   532 | D:6      | Noticed Duvessa
   532 | D:6      | Noticed Dowan
   548 | D:7      | Noticed a phantom
   558 | D:7      | Found a staircase to the Ecumenical Temple.
   559 | D:7      | Noticed a scorpion
   567 | Temple   | Entered the Ecumenical Temple
   692 | D:6      | Noticed a yak
   692 | D:6      | Noticed a yak
   692 | D:6      | Noticed a yak
   692 | D:6      | Noticed a yak
   692 | D:6      | Noticed a yak
   694 | D:6      | Slain by a yak

Vault maps used:
D:1:      lemuel_arrival_funnel
D:2:      grunt_temple_overflow_forces_of_nature, serial_forest,
          infiniplex_forest_clump_C, infiniplex_forest_straight_4,
          infiniplex_forest_straight_3, infiniplex_forest_straight_3,
          infiniplex_forest_diagonal, infiniplex_forest_straight_5,
          infiniplex_forest_straight_4, infiniplex_forest_clump_medium,
          st_stairs_5, minivault_5
D:3:      uniq_sigmund
D:4:      nicolae_overflow_crystal_walls, portal_sewer_entry_d
D:5:      kennysheep_little_box, first_bread
D:6:      grunt_temple_overflow_opulence, serial_shops, shop_fountains,
          uniq_edmund, uniq_duvessa, uniq_prince_ribbit1
D:7:      minmay_temple_entry_purple_smoke
Temple:   nicolae_temple_no_exploring_needed

Action                   || total
-------------------------++-------
Melee: Dagger            ||    35
 Stab: Sleeping          ||     8
